 Dungeon Sprint DCSS version 0.30-a0-718-geaa24f58ff (webtiles) character file.

Game seed: 15775377054329951773

700000 sircluck the Caller (level 1, -66/10 HPs)
             Began as a Deep Elf Summoner on Jan 25, 2023.
             Annihilated by a meat berserker
             ... wielding a +9 battleaxe
              (76 damage)
             ... in the Dungeon (Sprint VIII: "Arena of Blood").
             The game lasted 00:00:12 (7 turns).

sircluck the Caller (Deep Elf Summoner)                Turns: 7, Time: 00:00:13

Health: -66/10     AC:  2    Str:  5    XL:     1   Next: 0%
Magic:  6/6        EV: 12    Int: 19    God:
Gold:   0          SH:  0    Dex: 15    Spells: 5/6 levels left

rFire   . . .      SeeInvis .    h - +∞ Axe of Woe
rCold   . . .      Faith    .    (shield currently unavailable)
rNeg    . . .      Spirit   .    a - +0 robe
rPois   .          Reflect  .    (no helmet)
rElec   .          Harm     .    (no cloak)
rCorr   .          Rampage  .    (no gloves)
Will    .....      NoTele   +    (no boots)
Stlth   ++                       (no amulet)
HPRegen 0.21/turn                (no ring)
MPRegen 0.10/turn                (no ring)

@: no status effects
A: no striking features
a: no special abilities


You were in the Dungeon.
You visited 1 branch

Inventory:

Hand Weapons
 h - the +∞ Axe of Woe (weapon)
   (You found it in the Dungeon)
Armour
 a - a +0 robe (worn)
Scrolls
 g - a scroll of blinking
Potions
 b - 3 potions of magic
 c - a potion of curing
 d - a potion of heal wounds
 e - a potion of haste
 f - a potion of berserk rage


   Skills:
 + Level 2.4 Dodging
 + Level 2.4 Stealth
 + Level 3.0 Spellcasting
 + Level 4.3 Summonings


You had 5 spell levels left.
You knew the following spells:

 Your Spells              Type           Power      Damage    Failure   Level
a - Summon Small Mammal   Summ           76%        N/A       2%          1

Your spell library contained the following spells:

 Spells                   Type           Power      Damage    Failure   Level
 Call Imp                 Summ           19%        N/A       3%          2
 Call Canine Familiar     Summ           19%        N/A       8%          3
 Summon Guardian Golem    Hex/Summ       11%        N/A       19%         3
 Summon Lightning Spire   Summ/Air       11%        N/A       52%         4


Dungeon Overview and Level Annotations

Branches:
Dungeon (1/1)

Altars:
Makhleb


Message History

------------------------------------------------------------------------------ ------------------------------------------------------------------------------ -- -- -- The Arena Of Blood -- -- -- -- -- -- -- -- You descend into the pit of gibs and meat, -- -- The sunken abyss of the depraved, -- -- The mill of turgid gutspawn. -- -- The writhen instruments serve in adoration, -- -- Immured beneath a rotten throne. -- -- -- -- Before you lies the servitor of chaos, -- -- The cleaver, -- -- The blasphemer, -- -- The destroyer, -- -- The Axe of Woe. -- -- -- -- Vessel of Makhleb, -- -- You are the unmaker, -- -- You bring the rapture, -- -- The murmurs of the thralls rise... -- -- The theatre of blood begins. -- -- -- ------------------------------------------------------------------------------ ------------------------------------------------------------------------------ Welcome, sircluck the Deep Elf Summoner.
Press ? for a list of commands and other information.
Found the +∞ Axe of Woe.
Found four burning altars of Makhleb.
Found a staircase leading out of the dungeon.
h - the +∞ Axe of Woe
h - the +∞ Axe of Woe (weapon)
You hear a shout! x3
A bag of meat comes into view. It is wielding a +9 war axe. x2
You hear a shout! x3
The bag of meat shouts!
You hear a shout! x3
A bag of meat comes into view. It is wielding a +9 war axe.
There is a burning altar of Makhleb here.
A bag of meat and a meat berserker come into view.
The meat berserker appears out of thin air!
A meat berserker comes into view. It is wielding a +9 battleaxe.
The meat berserker shouts! x2; You hear a shout! x4
A bag of meat comes into view. It is wielding a +9 war axe.
You hear a shout! x5
A meat berserker comes into view. It is wielding a +9 battleaxe.
The bag of meat shouts!
The meat berserker shouts!
You hear a shout! x5
A bag of meat comes into view. It is wielding a +9 war axe.
The bag of meat shouts!
You hear a shout!
A bag of meat comes into view. It is wielding a +9 war axe.
You hear a shout!
A bag of meat comes into view. It is wielding a +9 war axe.
You hear a shout! x5
The bag of meat shouts!
You hit the meat berserker.
You cleave the meat berserker in twain.
You kill the meat berserker!
You hit the meat berserker.
You fatally mangle the meat berserker.
You kill the meat berserker!
You hear a shout! x6
The meat berserker hits you with a +9 battleaxe!!!!
Ouch! That really hurt!
You die...

............
.....o.....
...........
.........o
#.....o.#
#.....oo# ..
.###....O).###...
......###@.......
......_.........
..#.....#......
#_.<._#......
#.....# .....
......_.o....o..
......###........
.###.. ...###...
#.. ...# .


You could see a meat berserker (berserk) and 7 bags of meat.

Vanquished Creatures
  2 ogres (D)
2 creatures vanquished.

Notes
Turn   | Place    | Note
-------+----------+-------------------------------------------
     0 | D        | Found the +∞ Axe of Woe
     0 | D        | sircluck the Deep Elf Summoner began the quest for the Orb.
     0 | D        | Reached XP level 1. HP: 10/10 MP: 6/6
     2 | D        | Noticed a bag of meat
     2 | D        | Noticed a bag of meat
     3 | D        | Noticed a bag of meat
     4 | D        | Noticed a bag of meat
     4 | D        | Noticed a meat berserker
     4 | D        | Noticed a meat berserker
     4 | D        | Noticed a bag of meat
     5 | D        | Noticed a meat berserker
     6 | D        | Noticed a bag of meat
     6 | D        | Noticed a bag of meat
     6 | D        | Noticed a bag of meat
     7 | D        | Killed a meat berserker
     7 | D        | Killed a meat berserker
     7 | D        | Annihilated by a meat berserker

Illustrated notes

Levels and vault maps discovered:
D:        meatsprint

Action                     || total
---------------------------++-------
  Melee: Executioner's axe ||     1

Table legend: (Time is in decaauts)
 A = Elapsed time spent in this place.
 B = Non-inter-level travel time spent in this place.
 C = Inter-level travel time spent in this place.
 D = Time resting spent in this place.
 E = Time spent auto-exploring this place.
 F = Levels seen in this place.
 G = Mean time per level.
                   A        B        C        D        E       F      G
               +--------+--------+--------+--------+--------+-----+--------+
         Total |      6 |      6 |      0 |      0 |      0 |   1 |    6.0 |
       Dungeon |      6 |      6 |      0 |      0 |      0 |   1 |    6.0 |
               +--------+--------+--------+--------+--------+-----+--------+

Top non-repeatable levels by time:
       D: 6 daAuts
